[Event "Titled Tuesday Blitz July 20 2021"]
[White "Sailer, Mike"]
[Black "Novikov, Evgenij"]
[WhiteFideId "2012901"]
[BlackFideId "4125380"]
[WhiteElo "2109"]
[BlackElo "2242"]
[Result "0-1"]
[Round "03"]
[TimeControl "180+1"]
[Date "2021.07.21"]
[WhiteClock "0:00:27"]
[BlackClock "0:01:35"]

1. d4 d5 2. Nf3 Nf6 3. Bf4 c5 4. e3 cxd4 5. exd4 Nc6 6. Nc3 a6 7. h3 Bf5 8. Be2 e6 9. O-O Bd6 10. Bxd6 Qxd6 11. a3 Ne4 12. Bd3 Bg6 13. Qe2 Nxc3 14. bxc3 O-O 15. Rfd1 Rfc8 16. c4 dxc4 17. Bxc4 Na5 18. Bd3 Bxd3 19. Rxd3 Nc4 20. Ne5 b5 21. Rf3 Qxd4 22. Re1 Nxe5 23. Qxe5 Qxe5 24. Rxe5 Rxc2 0-1


[Site "https://www.chess.com"]

[Event "Titled Tuesday Blitz July 20 2021"]
[White "Samsonkin, Artiom"]
[Black "Lagunow, Raphael"]
[WhiteFideId "13503111"]
[BlackFideId "24652644"]
[WhiteElo "2513"]
[BlackElo "2400"]
[Result "1-0"]
[Round "03"]
[TimeControl "180+1"]
[Date "2021.07.21"]
[WhiteClock "0:00:14"]
[BlackClock "0:00:07"]

1. e4 c5 2. Nf3 Nc6 3. Bb5 g6 4. c3 Bg7 5. d4 cxd4 6. cxd4 Nf6 7. Nc3 O-O 8. O-O d6 9. h3 a6 10. Bxc6 bxc6 11. Be3 Rb8 12. b3 Bb7 13. Qd2 c5 14. d5 Re8 15. Rad1 Nd7 16. Bh6 Bh8 17. Rfe1 Qa5 18. Rc1 Rbc8 19. Na4 Qxd2 20. Nxd2 Ne5 21. Re3 f5 22. exf5 gxf5 23. Rce1 Bxd5 24. Nb6 Bb7 25. Nxc8 Rxc8 26. f4 Ng6 27. Bg5 e5 28. Nc4 Rc6 29. fxe5 dxe5 30. Rd1 Bc8 31. Rd8+ Kf7 32. Rxc8 Rxc8 33. Nd6+ Ke6 34. Nxc8 f4 35. Bxf4 Nxf4 36. Nb6 Kf5 37. Nc4 e4 38. Nd6+ Ke6 39. Rxe4+ Kxd6 40. Rxf4 Be5 41. Rh4 Bd4+ 42. Kf1 1-0


[Site "https://www.chess.com"]

[Event "Titled Tuesday Blitz July 20 2021"]
[White "Seletsky, Grigory"]
[Black "Yuan, Qingyu"]
[WhiteFideId "14112191"]
[BlackFideId "8609772"]
[WhiteElo "2492"]
[BlackElo "2359"]
[Result "0-1"]
[Round "03"]
[TimeControl "180+1"]
[Date "2021.07.21"]
[WhiteClock "0:00:48"]
[BlackClock "0:00:24"]

1. d4 Nf6 2. c3 d5 3. Bf4 g6 4. h3 Bg7 5. e3 O-O 6. Nf3 Ne4 7. Nbd2 Nd6 8. Be2 Nd7 9. O-O b6 10. Bh2 Bb7 11. a4 a6 12. Qb1 Re8 13. Rd1 e5 14. b4 Qe7 15. Qb3 e4 16. Ne1 c5 17. bxc5 bxc5 18. Qa3 Rec8 19. Rab1 Bc6 20. Nb3 Nb7 21. Nc2 Bf8 22. dxc5 Nbxc5 23. Nxc5 Nxc5 24. Nb4 Nxa4 25. Ra1 a5 26. Nxc6 Qxa3 27. Rxa3 Bxa3 28. Ra1 Nxc3 29. Rxa3 Nxe2+ 30. Kf1 Rxc6 31. Kxe2 Rc2+ 32. Kf1 a4 33. Be5 f6 34. Bd4 Kf7 35. g4 h5 36. Kg2 hxg4 37. hxg4 Ke6 38. Kg3 g5 39. f3 exf3 40. Kxf3 Ra6 41. Kg3 f5 42. gxf5+ Kxf5 43. Kf3 Rh6 44. Rxa4 Rh3# 0-1


[Site "https://www.chess.com"]

[Event "Titled Tuesday Blitz July 20 2021"]
[White "Shahade, Gregory"]
[Black "Koridze, Lile"]
[WhiteFideId "2009064"]
[BlackFideId "13612514"]
[WhiteElo "2690"]
[BlackElo "1978"]
[Result "1-0"]
[Round "03"]
[TimeControl "180+1"]
[Date "2021.07.21"]
[WhiteClock "0:00:10"]
[BlackClock "0:00:01"]

1. e4 c5 2. Nf3 d6 3. d4 cxd4 4. Nxd4 Nf6 5. Nc3 Nc6 6. f3 e5 7. Nb3 Be7 8. Be3 O-O 9. Qd2 a5 10. Bb5 Be6 11. Rd1 Rc8 12. O-O b6 13. Qf2 Nd7 14. Na4 Na7 15. Bxd7 Bxd7 16. Nxb6 Rc7 17. Nxd7 Qxd7 18. Bb6 Rb7 19. Nxa5 Bh4 20. g3 Rxb6 21. Qxb6 Bd8 22. Qb7 Qa4 23. Qxa7 Bxa5 24. Kh1 Qb5 25. c4 Qa4 26. b3 Qb4 27. a3 Qc3 28. b4 Bd8 29. c5 dxc5 30. Qxc5 Qxa3 31. Kg2 Bf6 32. Rb1 g6 33. Qf2 Qa8 34. b5 Qb7 35. b6 Rb8 36. h4 Bd8 37. Rfd1 Bxb6 38. Qb2 Qa7 39. Qxe5 Bc7 40. Rxb8+ Qxb8 41. Qd4 Bxg3 42. Qd8+ Kg7 43. Qxb8 Bxb8 44. h5 Bf4 45. hxg6 hxg6 46. Rd5 Bc7 47. Kh3 Bb6 48. Kg4 Bf2 49. Rb5 Bd4 50. Rd5 Bb2 51. f4 Ba3 52. Rb5 Bd6 53. e5 Be7 54. Rb7 Kf8 55. Rd7 Ba3 56. Rb7 Bc5 57. Kg5 Bf2 58. Kg4 Bd4 59. Kf3 Bc5 60. Ke4 Bf2 61. Kd5 Bg3 62. Rb4 Ke7 63. Ke4 Be1 64. Ra4 Bg3 65. Ra7+ Ke6 66. Ra6+ Ke7 67. f5 gxf5+ 68. Kxf5 Bh4 69. Ra7+ Kf8 70. Rb7 Bf2 71. Kf6 Bh4+ 72. Kf5 Bf2 73. Rd7 Bh4 74. Rd4 Bf2 75. Rf4 Be3 76. Rf1 Bc5 77. Ke4 Ba3 78. e6 f6 79. Rxf6+ Ke7 80. Kf5 Bb2 81. Rf7+ Ke8 82. Ke4 Ba3 83. Kd5 Be7 84. Kc6 Bh4 85. Kd6 Bg3+ 86. Kd5 Bh4 87. Rb7 Bd8 88. Rb8 Ke7 89. Kc6 Ba5 90. Kd5 Bd2 91. Rb7+ Ke8 92. e7 Bf4 93. Ke6 Bc7 94. Ra7 Bb8 95. Rb7 Bc7 96. Rb1 Bg3 97. Rg1 Bh4 98. Rg8# 1-0


[Site "https://www.chess.com"]

[Event "Titled Tuesday Blitz July 20 2021"]
[White "Shtivelband, Richard"]
[Black "Ozen, Bahadir"]
[WhiteFideId "2017342"]
[BlackFideId "6337058"]
[WhiteElo "2418"]
[BlackElo "2503"]
[Result "0-1"]
[Round "03"]
[TimeControl "180+1"]
[Date "2021.07.21"]
[WhiteClock "0:00:42"]
[BlackClock "0:00:34"]

1. e4 c6 2. d4 d5 3. e5 Bf5 4. Nf3 e6 5. Be2 Ne7 6. O-O Nc8 7. a4 Be7 8. Nbd2 O-O 9. Nb3 Nd7 10. Be3 Qc7 11. a5 a6 12. c4 dxc4 13. Bxc4 Na7 14. Rc1 Qd8 15. h3 Nb5 16. Qd2 h6 17. Rfd1 Re8 18. Bd3 Bxd3 19. Qxd3 Nf8 20. Nc5 Bxc5 21. Rxc5 Qxa5 22. Qe4 Ng6 23. Qg4 Kh8 24. h4 Qc7 25. h5 Ne7 26. Qe4 Qd7 27. g4 Rg8 28. Kh2 b6 29. Rcc1 Raf8 30. Rg1 Qd5 31. Qf4 f6 32. Qg3 Kh7 33. Nh4 Nxd4 34. Bxd4 Qxd4 35. Rxc6 Nxc6 0-1


[Site "https://www.chess.com"]

[Event "Titled Tuesday Blitz July 20 2021"]
[White "Shtyka, Sergey"]
[Black "Dong, Bao Nghia"]
[WhiteFideId "4138465"]
[BlackFideId "12400343"]
[WhiteElo "2064"]
[BlackElo "2409"]
[Result "1-0"]
[Round "03"]
[TimeControl "180+1"]
[Date "2021.07.21"]
[WhiteClock "0:02:03"]
[BlackClock "0:02:40"]

1. e4 e6 2. Nf3 d5 3. e5 c5 4. b4 cxb4 5. a3 bxa3 6. Bxa3 Bxa3 7. Nxa3 Ne7 8. Nb5 O-O 9. Nxa7 Qb6 10. Nxc8 Rxa1 11. Nxb6 Rxd1+ 12. Kxd1 Nbc6 13. d4 f6 14. exf6 Rxf6 15. Nd7 Rf4 16. c3 h6 17. Nc5 Kf7 18. Nxb7 Kf6 19. Nc5 e5 20. dxe5+ Nxe5 21. Nxe5 1-0


[Site "https://www.chess.com"]

[Event "Titled Tuesday Blitz July 20 2021"]
[White "Sihite, Chelsie Monica Ignesias"]
[Black "Maltsevskaya, Aleksandra"]
[WhiteFideId "7101198"]
[BlackFideId "24174041"]
[WhiteElo "2224"]
[BlackElo "2225"]
[Result "1-0"]
[Round "03"]
[TimeControl "180+1"]
[Date "2021.07.21"]
[WhiteClock "0:00:53"]
[BlackClock "0:00:31"]

1. c4 c5 2. g3 f5 3. Bg2 Nf6 4. Nc3 g6 5. Nf3 Bg7 6. O-O O-O 7. d4 cxd4 8. Nxd4 Nc6 9. Nxc6 bxc6 10. h3 e5 11. c5 e4 12. Bf4 Rf7 13. Rc1 Qa5 14. Bd6 Bf8 15. a3 Ba6 16. Re1 Re8 17. e3 Bd3 18. Bf1 Bxd6 19. cxd6 Bxf1 20. Rxf1 h5 21. Ne2 Kh7 22. h4 Ng4 23. Nf4 Ne5 24. Kg2 Nf3 25. Rc4 Rg7 26. Ra4 Qb6 27. Qe2 Kh6 28. Rh1 Reg8 29. Rb4 Qc5 30. Qd1 g5 31. hxg5+ Rxg5 32. Kf1 a5 33. Rd4 Nxd4 34. Rxh5+ Rxh5 35. Qxh5+ Kg7 36. Qg6+ Kh8 37. Qh6# 1-0


[Site "https://www.chess.com"]

[Event "Titled Tuesday Blitz July 20 2021"]
[White "Silich, Yahor"]
[Black "Zakhartsov, Vladimir"]
[WhiteFideId "13513656"]
[BlackFideId "4145097"]
[WhiteElo "2142"]
[BlackElo "2466"]
[Result "1-0"]
[Round "03"]
[TimeControl "180+1"]
[Date "2021.07.21"]
[WhiteClock "0:00:06"]
[BlackClock "0:00:02"]

1. e4 c5 2. Nf3 d6 3. Bb5+ Nd7 4. d4 cxd4 5. Qxd4 a6 6. Bxd7+ Bxd7 7. O-O e5 8. Qd3 h6 9. c4 Nf6 10. Nc3 Be7 11. b3 O-O 12. a4 Qc7 13. Ba3 Rfd8 14. Rfd1 Bg4 15. h3 Bh5 16. Rdc1 Rac8 17. Nd2 Bg6 18. Nf1 Qc6 19. f3 Qb6+ 20. Ne3 Bf8 21. Kh1 Nd7 22. Ncd5 Qa7 23. a5 Nc5 24. Bxc5 dxc5 25. Rd1 Rd6 26. Qc3 f6 27. Nb6 Rcd8 28. Rxd6 Bxd6 29. Nbd5 Qb8 30. g4 Bf8 31. Kg2 Qc8 32. Rd1 Qe6 33. Nf5 Bf7 34. h4 g6 35. Nfe3 Kg7 36. Kf2 Bd6 37. Rg1 Rh8 38. Qd2 Be8 39. Nf5+ Kf8 40. Nfe3 Bc6 41. Rd1 h5 42. Nxf6 Qxf6 43. Qxd6+ Qxd6 44. Rxd6 hxg4 45. Nxg4 Rxh4 46. Nxe5 Be8 47. Nxg6+ Bxg6 48. Rxg6 Rh2+ 49. Ke3 Rb2 50. Rb6 Ra2 51. Rxb7 Rxa5 52. Kf4 Ra1 53. Ke5 a5 54. Rb5 Rb1 55. Rxa5 Rxb3 56. f4 Ke7 57. Rxc5 Rh3 58. Rc7+ Kd8 59. Ra7 Rc3 60. Kd4 Rc1 61. f5 Rd1+ 62. Ke5 Rc1 63. Kf6 Ra1 64. Rxa1 1-0


[Site "https://www.chess.com"]

[Event "Titled Tuesday Blitz July 20 2021"]
[White "Siva Mahadevan"]
[Black "Perez Rodriguez, Luis Manuel"]
[WhiteFideId "25043153"]
[BlackFideId "3503364"]
[WhiteElo "2203"]
[BlackElo "2429"]
[Result "1-0"]
[Round "03"]
[TimeControl "180+1"]
[Date "2021.07.20"]
[WhiteClock "0:00:16"]
[BlackClock "0:00:24"]

1. e4 e5 2. Nf3 Nc6 3. Bb5 a6 4. Ba4 Nf6 5. O-O b5 6. Bb3 Be7 7. Re1 O-O 8. d4 d6 9. c3 Bg4 10. d5 Na5 11. Bc2 c6 12. h3 Bc8 13. dxc6 Qc7 14. Nbd2 Qxc6 15. Nf1 h6 16. Ng3 Be6 17. Nh4 Rfe8 18. Nhf5 Bf8 19. Qf3 Nd7 20. Rd1 Nc4 21. b3 Ncb6 22. Ba3 Nc5 23. Nh5 Bxf5 24. Qxf5 Re6 25. Rd2 g6 26. Qg4 d5 27. exd5 Nxd5 28. Bf5 Rd6 29. Bxc5 Qxc5 30. Rxd5 Qxd5 31. Be4 Qe6 32. Bxa8 Qxg4 33. hxg4 gxh5 34. gxh5 Rd2 35. a4 Bc5 36. axb5 axb5 37. Ra5 Bxf2+ 38. Kf1 Bg3 39. Rxb5 Rf2+ 40. Kg1 Ra2 41. Rb8+ Kg7 42. Kf1 Rf2+ 43. Kg1 Rc2 44. Kf1 Rf2+ 45. Ke1 Rxg2+ 46. Kd1 Bf4 47. Bxg2 1-0


[Site "https://www.chess.com"]

[Event "Titled Tuesday Blitz July 20 2021"]
[White "Sjugirov, Sanan"]
[Black "Kretov, Evgenij"]
[WhiteFideId "4189302"]
[BlackFideId "4167821"]
[WhiteElo "2472"]
[BlackElo "2400"]
[Result "1-0"]
[Round "03"]
[TimeControl "180+1"]
[Date "2021.07.20"]
[WhiteClock "0:00:04"]
[BlackClock "0:00:11"]

1. Nf3 c5 2. c4 Nf6 3. Nc3 e6 4. e3 Be7 5. d4 cxd4 6. exd4 d5 7. cxd5 Nxd5 8. Bd3 Nc6 9. O-O O-O 10. a3 Nxc3 11. bxc3 b6 12. Qe2 Bb7 13. Rd1 Bf6 14. Bb2 Qc7 15. c4 Rad8 16. Rac1 Rfe8 17. Be4 Ne7 18. Bxb7 Qxb7 19. Rd3 Nf5 20. Qd2 g6 21. h3 Rd7 22. Rd1 Red8 23. d5 Bxb2 24. Qxb2 exd5 25. Ne5 Re7 26. cxd5 Rde8 27. Ng4 Re1+ 28. Rxe1 Rxe1+ 29. Kh2 Qc7+ 30. g3 h5 31. Nf6+ Kf8 32. d6 Qc6 33. Nd5 Ng7 34. d7 Qxd7 35. Qb4+ Re7 36. Qxe7+ Qxe7 37. Nxe7 Kxe7 38. Rd4 Ne6 39. Rc4 Kd6 40. Kg2 b5 41. Rc1 a5 42. Kf3 b4 43. axb4 axb4 44. Ke3 Kd5 45. Rc8 Nc5 46. Rb8 b3 47. f3 Kc4 48. Kd2 Na4 49. h4 b2 50. Kc2 f6 51. g4 f5 52. gxh5 gxh5 53. Rh8 Kd4 54. Rxh5 f4 55. Rf5 Ke3 56. h5 Kxf3 57. h6 Nb6 58. Kxb2 Nc4+ 59. Kb3 Ne3 60. Rf8 Ng4 61. h7 1-0


[Site "https://www.chess.com"]

[Event "Titled Tuesday Blitz July 20 2021"]
[White "Skatchkov, Valery"]
[Black "Tarigan, Gilbert Elroy"]
[WhiteFideId "24195812"]
[BlackFideId "7108133"]
[WhiteElo "2199"]
[BlackElo "1908"]
[Result "1/2-1/2"]
[Round "03"]
[TimeControl "180+1"]
[Date "2021.07.21"]
[WhiteClock "0:00:45"]
[BlackClock "0:00:39"]

1. d4 Nf6 2. c4 e6 3. Nf3 Bb4+ 4. Nbd2 O-O 5. a3 Bxd2+ 6. Qxd2 b6 7. e3 Bb7 8. Bd3 d6 9. O-O Nbd7 10. Bc2 Bxf3 11. gxf3 e5 12. d5 Re8 13. Kh1 a5 14. b3 a4 15. b4 b5 16. cxb5 Nb6 17. e4 Nh5 18. Qg5 Qxg5 19. Bxg5 h6 20. Be3 Nf4 21. Bxf4 exf4 22. Bd3 Nd7 23. Rfc1 Ne5 24. Be2 Ra7 25. Rc3 Re7 26. Rac1 g5 27. Kg2 Kg7 28. h3 Kf6 1/2-1/2


[Site "https://www.chess.com"]

[Event "Titled Tuesday Blitz July 20 2021"]
[White "Stearman, Josiah"]
[Black "DominikPedzich"]
[WhiteFideId "2062496"]
[WhiteElo "2402"]
[BlackElo "2433"]
[Result "1-0"]
[Round "03"]
[TimeControl "180+1"]
[Date "2021.07.21"]
[WhiteClock "0:01:02"]
[BlackClock "0:00:39"]

1. e4 c5 2. Nc3 Nc6 3. g3 g6 4. Bg2 Bg7 5. d3 e6 6. Be3 d6 7. Qd2 Nd4 8. Nd1 e5 9. c3 Nc6 10. Ne2 Nge7 11. Bh6 O-O 12. h4 f6 13. Bxg7 Kxg7 14. h5 g5 15. h6+ Kh8 16. f4 exf4 17. gxf4 Ng6 18. Nf2 gxf4 19. Nxf4 Nce5 20. O-O-O Nxf4 21. Qxf4 f5 22. exf5 Bxf5 23. Qe3 Rg8 24. Be4 Qg5 25. Qxg5 Rxg5 26. Rdg1 Rag8 27. Rxg5 Rxg5 28. Kd2 Nf7 29. Bxf5 Rxf5 30. Ne4 b6 31. c4 Kg8 32. Rg1+ Kf8 33. Rg7 Rh5 34. Rxh7 Ke7 35. Nxd6 Kxd6 36. Rxf7 Rxh6 37. Rxa7 Rh2+ 38. Kc3 Rh3 39. a3 Kc6 40. b4 cxb4+ 41. axb4 Rh2 42. Rg7 Rh3 43. Rg6+ Kc7 44. c5 bxc5 45. bxc5 Rh1 46. d4 Rc1+ 47. Kb4 Kb7 48. Kb5 Rb1+ 49. Kc4 Rd1 50. Kd5 Kc7 51. Rg7+ Kc8 52. c6 Rh1 53. Kc5 Rh5+ 54. d5 Rh6 55. d6 Rh5+ 56. Kb6 1-0


[Site "https://www.chess.com"]

[Event "Titled Tuesday Blitz July 20 2021"]
[White "Stribuk, Artiom"]
[Black "Volkov, Maksim"]
[WhiteFideId "13515659"]
[BlackFideId "54123070"]
[WhiteElo "2224"]
[BlackElo "2113"]
[Result "0-1"]
[Round "03"]
[TimeControl "180+1"]
[Date "2021.07.21"]
[WhiteClock "0:00:02"]
[BlackClock "0:00:13"]

1. d4 d5 2. c4 e6 3. Nf3 Nf6 4. g3 dxc4 5. Bg2 Nc6 6. O-O a6 7. Bg5 Rb8 8. e3 Be7 9. Nfd2 e5 10. Bxc6+ bxc6 11. dxe5 Ng4 12. Bxe7 Qxe7 13. Nxc4 Nxe5 14. Nxe5 Qxe5 15. Nc3 Rxb2 16. Rc1 O-O 17. h4 Be6 18. Qd4 Qxd4 19. exd4 Rd8 20. Rfd1 Rb4 21. Ne2 Bd5 22. Rd2 h6 23. Nf4 Bf3 24. Rd3 Be4 25. Re3 Rbxd4 26. Kh2 Ra4 27. Rce1 Bf5 28. a3 g5 29. hxg5 hxg5 30. Nh5 Kh7 31. Nf6+ Kg6 32. Ne8 Rd7 33. Rc3 Be4 34. g4 Bd5 35. Kg3 f6 36. Rce3 Kf7 37. Rd3 Be6 38. Rxd7+ Bxd7 39. Nxc7 Rxg4+ 40. Kf3 Ra4 41. Re3 Ra5 42. Rd3 Ke7 43. Na8 Rb5 44. a4 Rb7 45. a5 c5 46. Nb6 Bc6+ 47. Kg4 Rc7 48. Kf5 Bb5 49. Re3+ Kf7 50. Rc3 c4 51. Ke4 Kg6 52. Kd5 g4 53. Kd6 Rb7 54. Nd5 Kg5 55. Ne7 Rd7+ 56. Ke6 Rd3 57. Rc1 Rd2 58. Nd5 Re2+ 59. Kd6 Rxf2 60. Nb6 Rd2+ 61. Kc5 f5 62. Nxc4 Bxc4 63. Kxc4 Rb2 64. Kc5 0-1


[Site "https://www.chess.com"]

[Event "Titled Tuesday Blitz July 20 2021"]
[White "Tanenbaum, Zachary"]
[Black "Oliveira, Silvio Eduardo"]
[WhiteFideId "2060850"]
[BlackFideId "2111560"]
[WhiteElo "2165"]
[BlackElo "2302"]
[Result "1/2-1/2"]
[Round "03"]
[TimeControl "180+1"]
[Date "2021.07.20"]
[WhiteClock "0:00:01"]
[BlackClock "0:00:55"]

1. e4 e5 2. Nf3 Nc6 3. Bc4 Nf6 4. d3 Bc5 5. c3 h6 6. Nbd2 d6 7. a4 a5 8. Nf1 Ng4 9. Ne3 O-O 10. O-O Nxe3 11. Bxe3 Bxe3 12. fxe3 Be6 13. Bxe6 fxe6 14. Qe2 Rf6 15. Nd2 Rxf1+ 16. Rxf1 Qg5 17. Qf2 Qe7 18. Nc4 Rf8 19. Qxf8+ Qxf8 20. Rxf8+ Kxf8 21. d4 exd4 22. exd4 b6 23. Kf2 Ke7 24. Kf3 Nd8 25. b4 Nc6 26. d5 exd5 27. exd5 Na7 28. bxa5 b5 29. axb5 Nxb5 30. a6 Kd7 31. Na3 Na7 32. c4 c6 33. dxc6+ Kxc6 34. Nb5 Nc8 35. Ke4 Nb6 36. a7 d5+ 37. cxd5+ Kxb5 38. Ke5 Ka6 39. Ke6 Kxa7 40. d6 Kb7 41. Kf7 Kc6 42. Kxg7 h5 43. h4 Kxd6 44. Kg6 Nd5 45. g3 Ke5 46. Kxh5 Kf6 47. Kh6 Ne3 48. Kh5 Kf5 49. Kh6 Kg4 50. h5 Kxg3 1/2-1/2


[Site "https://www.chess.com"]

[Event "Titled Tuesday Blitz July 20 2021"]
[White "Tarasova, Viktoriya"]
[Black "Quintiliano Pinto, Renato R."]
[WhiteFideId "4175840"]
[BlackFideId "2117568"]
[WhiteElo "2182"]
[BlackElo "2439"]
[Result "0-1"]
[Round "03"]
[TimeControl "180+1"]
[Date "2021.07.21"]
[WhiteClock "0:00:16"]
[BlackClock "0:00:28"]

1. d4 d5 2. c4 c6 3. Nf3 Nf6 4. Nc3 dxc4 5. a4 Bf5 6. e3 e6 7. Bxc4 Bb4 8. O-O O-O 9. Nh4 Bg4 10. f3 Bh5 11. g4 Nd5 12. Ng2 Bg6 13. Na2 Be7 14. e4 Nb6 15. Bb3 a5 16. Nc3 c5 17. dxc5 Bxc5+ 18. Be3 Qe7 19. Qe2 Na6 20. Rfd1 Rac8 21. Rd2 Bxe3+ 22. Nxe3 Qb4 23. Qb5 Nc5 24. Bc2 Rfd8 25. Rad1 Rxd2 26. Rxd2 Qxb5 27. axb5 Kf8 28. Kf2 Ke7 29. f4 f6 30. f5 Bf7 31. Rd1 g6 32. Ra1 Ra8 33. b4 axb4 34. Rxa8 Nxa8 35. Nb1 b3 36. Bd1 Nxe4+ 37. Ke2 Nd6 38. Bxb3 Nxb5 39. fxg6 hxg6 40. Kd3 Nb6 41. Nd2 g5 42. Bd1 Bg6+ 43. Ke2 Nd4+ 44. Kf2 Nd5 45. Nxd5+ exd5 46. Nf3 Nxf3 47. Bxf3 Kd6 48. Ke3 Ke5 49. Be2 d4+ 50. Kd2 d3 51. Bf3 Be4 52. Bd1 Kd4 53. Ba4 Bc6 54. Bb3 b5 55. Be6 b4 56. Bb3 Bb5 57. Be6 Bc4 0-1


[Site "https://www.chess.com"]

[Event "Titled Tuesday Blitz July 20 2021"]
[White "Tin, Jingyao"]
[Black "Elgersma, Onno"]
[WhiteFideId "5804418"]
[BlackFideId "1053531"]
[WhiteElo "2374"]
[BlackElo "2466"]
[Result "1-0"]
[Round "03"]
[TimeControl "180+1"]
[Date "2021.07.21"]
[WhiteClock "0:01:46"]
[BlackClock "0:01:04"]

1. d4 d5 2. c4 e6 3. Nf3 Nf6 4. Nc3 a6 5. cxd5 exd5 6. Bf4 Bd6 7. Bxd6 Qxd6 8. e3 O-O 9. Qc2 Nc6 10. Be2 Bg4 11. O-O Rfe8 12. Rac1 Ne4 13. Nxe4 dxe4 14. Ne1 Nb4 15. Qd2 Bxe2 16. Qxe2 Nxa2 17. Rc5 Nb4 18. Qc4 Nc6 19. Nc2 Rac8 20. Rc1 Na5 21. Rxa5 1-0


[Site "https://www.chess.com"]

[Event "Titled Tuesday Blitz July 20 2021"]
[White "Tomaszewski, Kacper"]
[Black "Madaminov, Mukhiddin"]
[WhiteFideId "1127373"]
[BlackFideId "14210703"]
[WhiteElo "2162"]
[BlackElo "1747"]
[Result "0-1"]
[Round "03"]
[TimeControl "180+1"]
[Date "2021.07.21"]
[WhiteClock "0:00:01"]
[BlackClock "0:00:13"]

1. d4 Nf6 2. c4 e6 3. Nc3 Bb4 4. Bf4 O-O 5. e3 d5 6. Nf3 Nbd7 7. Qc2 c5 8. dxc5 Nxc5 9. Be2 dxc4 10. O-O Nd3 11. Rfd1 Bxc3 12. Bxd3 cxd3 13. Rxd3 Qa5 14. Rxc3 Bd7 15. Rc5 Rfc8 16. Rc1 Rxc5 17. Qxc5 Qxa2 18. Ne5 Qxb2 19. g4 h6 20. Rd1 Ba4 21. Qe7 Be8 22. h4 Nd5 23. Rxd5 exd5 24. g5 hxg5 25. hxg5 Qb1+ 26. Kh2 Qf5 27. g6 fxg6 28. Nf3 Qf7 29. Qd6 Bc6 30. Be5 Re8 31. Ng5 Qxf2+ 32. Kh3 Qf5+ 33. Kh4 Qf2+ 0-1


[Site "https://www.chess.com"]

[Event "Titled Tuesday Blitz July 20 2021"]
[White "Trakru, Rohun"]
[Black "Tristan, Leonardo"]
[WhiteFideId "2097613"]
[BlackFideId "113816"]
[WhiteElo "1746"]
[BlackElo "2404"]
[Result "1-0"]
[Round "03"]
[TimeControl "180+1"]
[Date "2021.07.20"]
[WhiteClock "0:00:08"]
[BlackClock "0:00:03"]

1. d4 d5 2. Bf4 Nf6 3. e3 e6 4. Nd2 Bd6 5. Bg3 O-O 6. Bd3 c5 7. c3 Qc7 8. dxc5 Qxc5 9. e4 dxe4 10. Nxe4 Nxe4 11. Bxe4 Bxg3 12. hxg3 f5 13. Bc2 Nd7 14. Nf3 h6 15. Bb3 Nf6 16. Qd4 Qxd4 17. Nxd4 Kh8 18. O-O-O e5 19. Ne6 Bxe6 20. Bxe6 Ng4 21. Rd2 Rae8 22. Bd7 Re7 23. Re1 Nxf2 24. Rxf2 Rxd7 25. Rxe5 Rdf7 26. Rd2 Kh7 27. Rd6 b6 28. c4 Rf6 29. Red5 Kg6 30. Rxf6+ Rxf6 31. Rd7 a5 32. Rb7 Rc6 33. b3 Kf6 34. Kc2 g6 35. Kd3 Kg5 36. a3 Kg4 37. b4 axb4 38. axb4 Kxg3 39. b5 Rf6 40. Rh7 h5 41. Kd4 f4 42. Rg7 Kxg2 43. Ke5 Rf5+ 44. Ke4 Rf8 45. Rxg6+ Kf2 46. Rxb6 f3 47. Rh6 Ke2 48. Rxh5 f2 49. Rh2 Kd2 50. Rxf2+ Rxf2 51. c5 Kc3 52. b6 1-0


[Site "https://www.chess.com"]

[Event "Titled Tuesday Blitz July 20 2021"]
[White "Tronenkovs, Valdis"]
[Black "Terry, Renato"]
[WhiteFideId "11601558"]
[BlackFideId "3803457"]
[WhiteElo "2232"]
[BlackElo "2581"]
[Result "0-1"]
[Round "03"]
[TimeControl "180+1"]
[Date "2021.07.21"]
[WhiteClock "0:00:01"]
[BlackClock "0:00:01"]

1. e4 e6 2. d4 d5 3. Nc3 Nf6 4. Bg5 Bb4 5. e5 h6 6. exf6 hxg5 7. fxg7 Rg8 8. Qd3 Qf6 9. a3 Ba5 10. Qe3 a6 11. b4 Bb6 12. Nxd5 Qxg7 13. Nf3 Nc6 14. O-O-O Bd7 15. Bc4 O-O-O 16. Nxb6+ cxb6 17. Kb1 b5 18. Bb3 Ne7 19. d5 Nxd5 20. Bxd5 exd5 21. Rxd5 Bc6 22. Rxg5 Qf6 23. Rxg8 Rxg8 24. Ne5 Rxg2 25. Nxc6 Qxc6 26. Re1 Rxh2 27. Qe7 Rxf2 28. Qf8+ Kc7 29. Qe7+ Kb8 30. Qd8+ Ka7 31. Qd4+ Qb6 32. Qd7 Rg2 33. Qxf7 Qd4 34. Qb3 Rd2 0-1


[Site "https://www.chess.com"]

[Event "Titled Tuesday Blitz July 20 2021"]
[White "Tsaruk, Maksim"]
[Black "Sarana, Alexey"]
[WhiteFideId "13511173"]
[BlackFideId "24133795"]
[WhiteElo "2184"]
[BlackElo "2646"]
[Result "1/2-1/2"]
[Round "03"]
[TimeControl "180+1"]
[Date "2021.07.20"]
[WhiteClock "0:00:11"]
[BlackClock "0:00:19"]

1. e4 e5 2. Nf3 Nc6 3. Bb5 a6 4. Ba4 Nf6 5. O-O Nxe4 6. d4 b5 7. Bb3 d5 8. dxe5 Be6 9. c3 Bc5 10. Nbd2 O-O 11. Bc2 Nxf2 12. Rxf2 Bxf2+ 13. Kxf2 f6 14. exf6 Qxf6 15. Nf1 Ne5 16. Be3 Nxf3 17. gxf3 Rae8 18. Bc5 Rf7 19. Kg1 Bh3 20. Qxd5 Qxf3 21. Bb3 Be6 22. Qxe6 Rxe6 23. Bxe6 Qe2 24. Bxf7+ Kxf7 25. b4 h5 26. Bf2 Qb2 27. Re1 Qxc3 28. Re4 Qb2 29. Bc5 Qxa2 30. Ng3 Qd5 31. Re7+ Kg8 32. Ne4 h4 33. Kf2 Qf5+ 34. Ke3 Qh3+ 35. Kf4 Qxh2+ 36. Kf5 Qh3+ 37. Kg6 Qg2+ 38. Kf5 Qc2 39. Re8+ Kh7 40. Kf4 Qg2 41. Ng5+ Kg6 42. Nf3 Kh7 43. Ng5+ Kh6 44. Nf3 g5+ 45. Ke3 h3 46. Rh8+ Kg6 47. Nh4+ gxh4 48. Rg8+ Kf5 49. Rxg2 hxg2 50. Kf2 h3 51. Kg3 Ke4 52. Kxh3 Kd5 53. Kxg2 a5 54. Bf8 a4 55. Kf3 a3 56. Ke3 Kc4 57. Kd2 Kb3 58. Kc1 a2 59. Bg7 c6 60. Bf6 Ka3 61. Be5 Kb3 62. Bf6 Kxb4 63. Kb2 c5 64. Kxa2 Kc4 65. Kb2 Kd3 66. Be7 Kd4 67. Bxc5+ Kxc5 68. Kc3 b4+ 69. Kb3 Kb5 70. Kb2 Kc4 71. Kc2 b3+ 72. Kb2 Kb4 73. Kb1 Ka4 74. Kb2 Kb4 75. Kb1 Ka3 76. Ka1 b2+ 77. Kb1 Kb3 1/2-1/2


[Site "https://www.chess.com"]

[Event "Titled Tuesday Blitz July 20 2021"]
[White "Tymrakiewicz, Rafal"]
[Black "Wagner, Dinara"]
[WhiteFideId "1108832"]
[BlackFideId "24157570"]
[WhiteElo "2172"]
[BlackElo "2260"]
[Result "0-1"]
[Round "03"]
[TimeControl "180+1"]
[Date "2021.07.21"]
[WhiteClock "0:00:11"]
[BlackClock "0:00:11"]

1. d4 Nf6 2. Bg5 e6 3. Nd2 d5 4. e3 c5 5. c3 h6 6. Bh4 Be7 7. Bd3 Nc6 8. f4 Qb6 9. Rb1 Bd7 10. Ngf3 Rc8 11. O-O Qc7 12. Ne5 g5 13. Bg3 Qb6 14. Nxd7 Nxd7 15. f5 Nf6 16. Be5 Nxe5 17. dxe5 Nd7 18. fxe6 fxe6 19. Qh5+ Kd8 20. Nf3 c4 21. Bc2 Qxe3+ 22. Kh1 Kc7 23. Rbe1 Qc5 24. Nd4 Qb6 25. Ba4 Nc5 26. Rf7 Nxa4 27. Rxe7+ Kb8 28. Rxe6 Qxb2 29. Qf3 Nc5 30. Re7 Nd3 31. Rf1 Nf4 32. g3 Ng6 33. Rg7 Nxe5 34. Qxd5 Ng4 35. Rgf7 Qxh2# 0-1


[Site "https://www.chess.com"]

[Event "Titled Tuesday Blitz July 20 2021"]
[White "Urquhart, Ed"]
[Black "Remizov, Yaroslav"]
[WhiteFideId "2603748"]
[BlackFideId "34134015"]
[WhiteElo "2184"]
[BlackElo "2335"]
[Result "0-1"]
[Round "03"]
[TimeControl "180+1"]
[Date "2021.07.21"]
[WhiteClock "0:00:02"]
[BlackClock "0:00:25"]

1. e4 c5 2. Nc3 e6 3. Nf3 Ne7 4. d4 cxd4 5. Nxd4 Nbc6 6. Be3 Nxd4 7. Qxd4 Nc6 8. Qd2 Bb4 9. a3 Ba5 10. b4 Bb6 11. Bxb6 Qxb6 12. Rd1 O-O 13. Bc4 a5 14. b5 Ne5 15. Bb3 Qc5 16. a4 b6 17. Qd4 Qc7 18. f4 Ng6 19. e5 Nxf4 20. O-O Qxc3 21. Qxf4 f6 22. exf6 Rxf6 23. Qd6 Rxf1+ 24. Rxf1 Qc5+ 25. Qxc5 bxc5 26. Rd1 Kf8 27. Rd6 Rb8 28. c3 Ke7 29. Rd2 d5 30. Re2 c4 31. Bc2 h6 32. Kf2 Bd7 33. Ke3 Rf8 34. Kd4 Kd6 35. g3 Rf3 36. Bb1 Rf1 37. Bc2 Rc1 38. b6 e5+ 39. Rxe5 Rxc2 40. Rxd5+ Kc6 41. b7 Rd2+ 42. Ke3 Rb2 43. Rxa5 Kxb7 44. h4 Rg2 45. Kf4 Rc2 46. Rd5 Bxa4 47. Ra5 Bc6 48. g4 Rxc3 49. h5 Rf3+ 50. Ke5 c3 51. Rc5 Kb6 52. Rc4 Kb5 53. Rd4 c2 0-1


[Site "https://www.chess.com"]